 Dungeon Crawl Stone Soup version 0.23.2-40-g277498a001 (webtiles) character file.

Game seed: 2917118734284169444

12 OrcJesus the Sneak (level 2, 0/13 HPs)
             Began as a Spriggan Enchanter on Aug 27, 2019.
             Slain by a bat (1 damage)
             ... on level 1 of the Dungeon.
             The game lasted 00:01:49 (540 turns).

OrcJesus the Sneak (Spriggan Enchanter)              Turns: 540, Time: 00:01:50

Health: 0/13       AC:  2    Str:  4    XL:     2   Next: 20%
Magic:  0/6        EV: 18    Int: 16    God:
Gold:   25         SH:  0    Dex: 16    Spells: 3/6 levels left

rFire    . . .     SeeInvis +   a - +1 dagger
rCold    . . .     Gourm    .   (shield restricted)
rNeg     . . .     Faith    .   b - +0 robe
rPois    .         Spirit   .   (helmet restricted)
rElec    .         Reflect  .   (no cloak)
rCorr    .         Harm     .   (gloves unavailable)
MR       .....                  (boots unavailable)
Stlth    +++.......             (no amulet)
HPRegen  0.04/turn              (no ring)
MPRegen  0.10/turn              (no ring)

@: very slightly contaminated, very quick
A: very small, unfitting armour, see invisible, herbivore, speed 3, slow
metabolism 2
a: no special abilities


You were on level 1 of the Dungeon.
You were not hungry.

You visited 1 branch of the dungeon, and saw 1 of its levels.

You collected 25 gold pieces.

Inventory:

Hand Weapons
 a - a +1 dagger (weapon)
Armour
 b - a +0 robe (worn)
Potions
 c - a potion of curing {unknown}
Comestibles
 d - 2 rations


   Skills:
 - Level 2.4 Short Blades
 - Level 3.0 Dodging
 - Level 4.4 Stealth
 + Level 2.8 Spellcasting
 - Level 3.6 Hexes


You had 3 spell levels left.
You knew the following spells:

 Your Spells              Type           Power        Failure   Level  Hunger
a - Ensorcelled Hibernat  Hex/Ice        #.....       14%         2    ##.....
A - Corona                Hex            ##.....      4%          1    #......

Your spell library contained the following spells:

 Spells                   Type           Power        Failure   Level  Hunger
 Confuse                  Hex            ##......     13%         3    ###....
 Tukima's Dance           Hex            ##......     13%         3    ###....
 Dazzling Spray           Conj/Hex       #.....       26%         3    ###....


Dungeon Overview and Level Annotations

Branches:
Dungeon (1/15)

Altars:


Innate Abilities, Weirdness & Mutations

You are very small and have problems with some larger weapons.
You are too small for most types of armour.
You have supernaturally acute eyesight. (SInv)
You are a herbivore.
You cover ground extremely quickly.
You need to consume almost no food.


Message History

The bat completely misses you. The dart slug completely misses you.
The bat completely misses you.
Things that are here:
a +0 club; a hobgoblin corpse The bat completely misses you.
The bat barely misses you. The bat barely misses you.
The bat completely misses you.
You see here a +0 club.
The bat closely misses you. The bat completely misses you.
The bat closely misses you. The bat hits you.
* * * LOW HITPOINT WARNING * * *
The bat completely misses you.
Casting: Ensorcelled Hibernation (safe; 14% risk of failure)
Confirm with . or Enter, or press ? or * to list all spells.
Aiming: Ensorcelled Hibernation (safe; 14% risk of failure)
Press: ? - help, Shift-Dir - straight line, f/p - dart slug
Aim: a dart slug (heavily wounded, chance to defeat MR: 57%)
You miscast Ensorcelled Hibernation.
Frost spreads across the the floor.
The bat completely misses you. The bat closely misses you. The bat hits you.
You die...

#.....#........#
#....#....†...#
#.†..#..w.....#
##.#......#####
#.#....r.#
#........#
##.....b.#
#..###b## ##.#
#@# #.# #.# #.#
#.# #.###'######
#####
#.#........#
#...#
#.#†.......#
#...#
#..........#
#...#
##.##.######
#...#
#..#.########


You could see a dart slug, 2 bats and a rat.

Vanquished Creatures
  A giant cockroach (D:1)
  2 hobgoblins (D:1)
  2 kobolds (D:1)
  4 bats (D:1)
  A goblin (D:1)
  2 rats (D:1)
12 creatures vanquished.

Notes
Turn   | Place    | Note
-------+----------+-------------------------------------------
     0 | D:1      | OrcJesus the Spriggan Enchanter began the quest for the
                  | Orb.
     0 | D:1      | Reached XP level 1. HP: 9/9 MP: 5/5
   355 | D:1      | Reached XP level 2. HP: 12/13 MP: 6/6
   366 | D:1      | Learned a level 2 spell: Ensorcelled Hibernation
   540 | D:1      | Slain by a bat

Skill      XL: |  1 |
---------------+----+-----
Short Blades   | 2 |  2.4
Dodging        | |  3.0
Stealth        | |  4.4
Spellcasting   | |  2.8
Hexes          | |  3.6

Action                   || total
-------------------------++-------
Melee: Dagger            ||    47
 Cast: Ensorcelled Hiber ||     2
 Stab: Sleeping          ||     5
Armor: Robe              ||     8
Dodge: Dodged            ||    67
